cohdb
Replays
Latest Replays
All Replays
Popular Replays
Top Player Replays
Match Explorer
How It Works
Community
CoH3 Stats
Reddit
Sign in to upload your games and track your stats! →
Sign in with Steam
Match 45668608
Unlisted
Match 45668608
Overview
Messages
Build Orders
End
Construct Barracks
Selects Heavy Weapons
Riflemen Squad
Riflemen Squad
Grenade Package
Riflemen Squad
Construct Weapon Support Center
M1919 Machine Gun Team
Construct Medical Station
Selects M2HB .50cal Heavy Machine Gun
M1 Mortar Team
Bazooka Squad
Selects Assault Carriers
Selects Exchangeable Parts
Bazooka Squad
Riflemen Squad
Scout Squad
Riflemen Squad
Air Support Center
Selects Gallant Stand
Selects Black Dragon Artillery Barrage
Advanced Air Reconnaissance
Double Sortie
Improved M9 Bazooka Rockets
P-47 Dive Bomb
Don Pitudo
Hubert_Hart
Vitriolic
Wolfslair
dj pauly d gtl
ofca
0
0
Comments
sign in to comment!
No comments posted yet!